 Dungeon Crawl Stone Soup version 0.32-a0-43-g058985b245 (webtiles) character file.

Game seed: 8109825273208935436

1437 Ceno the Grappler (level 8, -11/52 (55) HPs)
             Began as an Octopode Shapeshifter on Feb 5, 2024.
             Was an Initiate of Gozag.
             Mangled by a wight
             ... wielding a +3 battleaxe of freezing
              (13 damage)
             ... on level 7 of the Dungeon.
             The game lasted 00:20:29 (6565 turns).

Ceno the Grappler (Octopode Shapeshifter)           Turns: 6565, Time: 00:20:30

HP:   -11/52 (55)   AC:  1    Str: 15    XL:     8   Next: 74%
MP:   8/8           EV: 13    Int: 12    God:    Gozag
Gold: 394           SH:  0    Dex: 14    Spells: 7/7 levels left

rFire   . .          .
                       - Unarmed
rCold   . . .        (no shield)
rNeg    . . .        (helmet currently unavailable)
rPois   .            (no amulet)
rElec   .            m - ring of Peywiwou {Will+ rCorr Dex+2}
rCorr   +            B - ring of wizardry
SInv    .            (no ring)
Will    +....        (no ring)
Stlth   ++           (no ring)
HPRegen 0.28/turn    (no ring)
MPRegen 0.11/turn    (no ring)
                     (no ring)

%: wizardry (x1)
@: beast-form, drained
A: beast (slay +3), almost no armour, amphibious, 8 rings, camouflage 1,
gelatinous body 1, (nimble swimmer 1), tentacles
a: Begin Untransformation, Renounce Religion, Potion Petition, Call Merchant,
Bribe Branch


You were on level 7 of the Dungeon.
You worshipped Gozag.
Gozag was aware of your devotion.
You were a hulking beast.
You visited 2 branches of the dungeon, and saw 9 of its levels.

You collected 548 gold pieces.
You paid 154 gold pieces to Gozag.

Inventory:

Missiles
 d - 58 stones (quivered)
Armour
 o - a +0 hat
 s - a +0 buckler
Jewellery
 m - the ring of Peywiwou (left tentacle) {Will+ rCorr Dex+2}
   (You took it off a hobgoblin on level 2 of the Dungeon)

   [ring of willpower]

   Dex+2:     It affects your dexterity (+2).
   Will+:     It increases your willpower.
   rCorr:     It protects you from acid and corrosion.
 B - a ring of wizardry (right tentacle)
Talismans
 b - a beast talisman
 c - a flux talisman
 p - a dragon-blood talisman
Wands
 A - a wand of charming (6)
Scrolls
 f - 3 scrolls of teleportation
 i - 3 scrolls of enchant weapon
 j - a scroll of silence {unknown}
 q - 2 scrolls of identify {unknown}
 t - 2 scrolls of vulnerability {unknown}
 w - 2 scrolls of enchant armour {unknown}
 x - a scroll of poison {unknown}
 y - a scroll of acquirement {unknown}
 z - a scroll of amnesia {unknown}
Potions
 a - a potion of lignification
 e - a potion of might {unknown}
 g - a potion of haste {unknown}
 h - 2 potions of berserk rage {unknown}
 k - 3 potions of curing
 l - a potion of degeneration {unknown}
 n - 2 potions of mutation {unknown}
 r - a potion of brilliance {unknown}
 u - a potion of heal wounds {unknown}
 v - a potion of attraction {unknown}


   Skills:
 + Level 5.2 Fighting
 - Level 2.0 Dodging
 * Level 8.1 Unarmed Combat
 + Level 5.6 Shapeshifting


You had 7 spell levels left.
You didn't know any spells.
Your spell library contained the following spells:

 Spells                   Type           Power      Damage    Failure   Level
 Kiss of Death            Conj/Necr      0%         2d5       13%         1
 Slow                     Hex            0%         N/A       13%         1
 Confusing Touch          Hex            0%         N/A       36%         3
 Sigil of Binding         Hex            0%         N/A       36%         3
 Vampiric Draining        Necr           0%         2d6       36%         3
 Dispel Undead            Necr           0%         3d6       75%         4


Dungeon Overview and Level Annotations

Branches:
Dungeon (8/15)             Temple (1/1) D:7
   Lair: D:8-11

Altars:
Ashenzari
Fedhas
Gozag
Kikubaaqudgha
Makhleb
Qazlal
Ru
Sif Muna
Trog
Vehumet
Wu Jian
Yredelemnul
The Shining One

Shops:
D:1 :   D:4 :

Annotations:
D:3 3 runed translucent doors, Gangsterbeez's ghost, amateur MiBe
D:4 exclusion: ogre, Edmund
D:5 Menkaure
Temple 2 transporters


Innate Abilities, Weirdness & Mutations

You are a hulking beast.
Your limbs bulge with bestial killing power. (Slay +3)
You cannot wear most types of armour.
You are amphibious.
You can wear up to eight rings at the same time.
Your skin changes colour to match your surroundings (Stealth+).
Your rubbery body absorbs attacks. (AC +1, EV +1)
((You are camouflaged when in or above water. (Stealth+)))
You have tentacles for arms and can constrict up to eight enemies at once.


Message History

There is an open door here.
There is an open door here.
There is a stone staircase leading up here.
You climb upwards.
There is a stone staircase leading down here.
You climb downwards.
There is a stone staircase leading up here.
There is an open door here.
There is an open door here.
There is a stone staircase leading down here.
You climb downwards.
Found 12 gold pieces.
Found a stone staircase leading up.
There is a stone staircase leading up here.
The helpless wight fails to defend itself.
You tentacle-slap the wight. Your grab misses the wight.
The wight is moderately damaged.
You tentacle-slap the wight. You grab the wight.
The wight is moderately damaged.
You constrict the wight, but do no damage.
The wight hits you from afar with a +0 halberd of venom!
You are poisoned.
The wight misses you.
You release your grip on the wight.
You feel very sick. The wight closely misses you.
The wight hits you with a +3 battleaxe of freezing!!
You feel drained.
* * * LOW HITPOINT WARNING * * *
The wight freezes you.
* * * LOW HITPOINT WARNING * * *
The wight barely misses you.
You climb upwards.
* * * LOW HITPOINT WARNING * * *
You feel very sick.
There is a stone staircase leading down here.
It was a potion of curing.
You feel better. The wight hits you with a +4 flail!
* * * LOW HITPOINT WARNING * * *
The wight hits you with a +3 battleaxe of freezing!
You die...
Your body crumbles into a pile of gold.

# # # ########## #
#........######## #
##.######.##...... # ##z.#
#.##.####. #
######.h.######.##.## #. #
#######......z...>........# #.
#
#.......####...######.##..###.
#.####### ##..# #.##......
#.## #..######.......## # #..#
#.>.......[##.#.# # ##.#
##'########.##.#.# ## #.#
##...## #.##.#.# P# #.##
##.....## #[##...#


You could see 2 wights.

Vanquished Creatures
  An orc warrior (D:6)
  2 centaurs (D:7)
  A bullfrog (D:6)
  A scorpion (D:4)
  4 wights
  3 hounds
  A jelly (D:7)
  2 gnoll boudas (D:7)
  3 orc priests (D:7)
  A sleepcap (D:6)
  4 iguanas
  5 orc wizards
  10 gnolls (D:7)
  11 adders
  2 shadow imps (D:6)
  A white imp (D:6)
  A dart slug (D:2)
  2 ribbon worms (D:2)
  14 orcs
  11 ball pythons
  7 endoplasms
  3 giant cockroaches
  8 hobgoblins
  15 kobolds
  3 quokkas
  6 bats
  4 frilled lizards
  9 goblins
  5 rats
140 creatures vanquished.

Notes
Turn   | Place    | Note
-------+----------+-------------------------------------------
     0 | D:1      | Ceno the Octopode Shapeshifter began the quest for the Orb.
     0 | D:1      | Reached XP level 1. HP: 13/13 MP: 1/1
   205 | D:1      | Reached XP level 2. HP: 18/18 MP: 2/2
   361 | D:1      | Found Joimex's Book Shop.
   379 | D:1      | Reached XP level 3. HP: 12/23 MP: 3/3
  1086 | D:2      | Identified the ring of Peywiwou {Will+ rCorr Dex+2}
  1160 | D:2      | Reached skill level 4 in Unarmed Combat
  1160 | D:2      | Reached XP level 4. HP: 24/29 MP: 4/4
  1846 | D:3      | Found a faded altar of an unknown god.
  1849 | D:3      | Found an ancient bone altar of Kikubaaqudgha.
  2001 | D:3      | Reached XP level 5. HP: 32/35 MP: 5/5
  2210 | D:3      | Found a runed translucent gate.
  2211 | D:3      | Found a runed translucent gate.
  2211 | D:3      | Found an opulent altar of Gozag.
  2212 | D:3      | Found a runed translucent gate.
  2216 | D:3      | Noticed Gangsterbeez's ghost (amateur MiBe)
  2813 | D:4      | Reached skill level 5 in Unarmed Combat
  2883 | D:4      | Found Zueshrame's Tiny Tomes.
  2941 | D:4      | Reached XP level 6. HP: 32/41 MP: 6/6
  2997 | D:4      | Noticed Edmund
  3391 | D:5      | Entered Level 5 of the Dungeon
  3414 | D:5      | You fall into a shaft and drop 1 floor!
  3596 | D:6      | Identified the staff of Tension {*Corrode rPois Str+2 Conj
                  | Hexes}
  3635 | D:6      | Reached XP level 7. HP: 24/46 MP: 7/7
  3749 | D:6      | Reached skill level 6 in Unarmed Combat
  4371 | D:5      | Noticed Menkaure
  4762 | D:7      | Found a staircase to the Ecumenical Temple.
  4771 | Temple   | Found a transporter.
  4771 | Temple   | Found a transporter.
  4771 | Temple   | Found a transporter.
  4771 | Temple   | Found a transporter.
  4771 | Temple   | Entered the Ecumenical Temple
  4789 | Temple   | Became a worshipper of Gozag Ym Sagoz the Greedy
  5011 | D:7      | Reached skill level 7 in Unarmed Combat
  5011 | D:7      | Reached skill level 5 in Shapeshifting
  5011 | D:7      | Reached XP level 8. HP: 16/54 MP: 8/8
  5052 | D:7      | Identified the +0 leather armour "Fegymema" {rC- Dex+6}
  5219 | D:7      | Found a glowing golden altar of the Shining One.
  5276 | D:7      | Found a blossoming altar of Fedhas.
  5293 | D:7      | Found a stormy altar of Qazlal.
  6028 | D:7      | Reached skill level 5 in Fighting
  6208 | D:7      | Reached skill level 8 in Unarmed Combat
  6564 | D:7      | HP: 1/52 [poisoned by a wight]
  6565 | D:7      | Mangled by a wight

Illustrated notes

Levels and vault maps discovered:
D:1:      dpeg_arrival_rooms_a, layout_loops_cross, serial_shops, shop,
          st_stairs_4
D:2:      minmay_chambers_of_twos, layout_loops_ring, minmay_hexomino_c4
D:3:      layout_loops_cross, nicolae_overflow_ecumenical_swirl,
          ebering_ghost_gozag, kennysheep_boxes
D:4:      layout_gridville, nicolae_shop_i_like_small_books_too,
          lightli_corner_chamber, uniq_edmund
D:5:      layout_loops_ring, uniq_menkaure
D:6:      layout_basic
D:7:      layout_loops_corners, lemuel_doored_altar,
          fedhas_bush_and_centaur_altar, nicolae_qazlal_general_emergency,
          minmay_temple_entry_gardened_gates, hangedman_decor_opposing
D:8:      layout_cave_pools, lemuel_tele_altar, slow_altar_1,
          mainiacjoe_overflow_alcove_2, mainiacjoe_overflow_boulevard,
          okawaru_humans
Temple:   hellmonk_temple_divided_pantheon

Skill      XL: |  1  2  3  4  5  6  7  8 |
---------------+-------------------------+-----
Unarmed Combat | 4 5 7 8 |  8.1
Fighting       | 2 3 4 5 |  5.2
Shapeshifting  | 4 5 |  5.6
Dodging        | |  2.0

Action                     |  1- 3 |  4- 6 |  7- 9 || total
---------------------------+-------+-------+-------++-------
  Melee: Unarmed           |    63 |   107 |   115 ||   285
         Tentacles         |     7 |    24 |    34 ||    65
         Constrict         |    15 |    31 |    35 ||    81
         Punch             |     1 |     3 |     5 ||     9
  Throw: Stone             |     5 |     8 |    11 ||    24
    Use: Scroll            |       |     2 |       ||     2
         Potion            |       |       |     1 ||     1
   Stab: Sleeping          |    12 |     3 |     3 ||    18
         Distracted        |       |     1 |     1 ||     2
 Armour: Skin              |    14 |    43 |    48 ||   105
  Dodge: Dodged            |    29 |    51 |    57 ||   137

Table legend: (Time is in decaauts)
 A = Elapsed time spent in this place.
 B = Non-inter-level travel time spent in this place.
 C = Inter-level travel time spent in this place.
 D = Time resting spent in this place.
 E = Time spent auto-exploring this place.
 F = Levels seen in this place.
 G = Mean time per level.
                   A        B        C        D        E       F      G
               +--------+--------+--------+--------+--------+-----+--------+
         Total |   6540 |   6324 |    216 |    728 |   3252 |   9 |  726.7 |
       Dungeon |   6506 |   6303 |    203 |    728 |   3252 |   8 |  813.2 |
        Temple |     33 |     20 |     13 |      0 |      0 |   1 |   33.0 |
               +--------+--------+--------+--------+--------+-----+--------+

Top non-repeatable levels by time:
     D:7: 1884 daAuts
     D:2: 1066 daAuts
     D:6: 1017 daAuts
     D:3: 792 daAuts
     D:4: 774 daAuts
     D:1: 749 daAuts
     D:5: 219 daAuts
  Temple: 33 daAuts
     D:8: 3 daAuts
